 Dungeon Crawl Stone Soup version 0.30-a0-728-gc68057be0a (webtiles) character file.

Game seed: 1472915362689355852

3806 IdlyInterested the Slicer (level 9, -2/65 HPs)
             Began as a Demonspawn Gladiator on Jan 31, 2023.
             Slain by a two-headed ogre
             ... wielding a +0 giant spiked club
              (13 damage)
             ... on level 8 of the Dungeon.
             The game lasted 00:27:53 (8166 turns).

IdlyInterested the Slicer (Demonspawn Gladiator)    Turns: 8166, Time: 00:27:53

Health: -2/65      AC: 21    Str: 15    XL:     9   Next: 96%
Magic:  9/9        EV:  7    Int: 10    God:
Gold:   598        SH:  4    Dex: 18    Spells: 8/8 levels left

rFire   . . .      SeeInvis .    a - +2 rapier (protect)
rCold   + . .      Faith    .    (no shield)
rNeg    . . .      Spirit   .    C - +1 plate armour {rC+}
rPois   .          Reflect  .    (helmet restricted)
rElec   .          Harm     .    (no cloak)
rCorr   .          Rampage  .    f - +0 pair of gloves
Will    +....                    w - +0 pair of boots Stlth
                                 g - amulet of regeneration
HPRegen 1.10/turn                I - ring of willpower
MPRegen 0.11/turn                (no ring)

@: under a protective aura
A: horns 2, powered by pain 1, sturdy frame 1, condensation shield, fangs 1
a: no special abilities


You were on level 8 of the Dungeon.
You visited 2 branches of the dungeon, and saw 9 of its levels.
You also visited: Sewer.

You collected 1521 gold pieces.
You spent 923 gold pieces at shops.

Inventory:

Hand Weapons
 a - a +2 rapier of protection (weapon)
 D - a +3 dagger
Missiles
 d - 3 throwing nets
 e - 3 javelins
 h - 31 stones (quivered)
 u - 4 poisoned darts
Armour
 f - a +0 pair of gloves (worn)
 j - a scarf of harm
 w - a +0 pair of boots (worn)
 C - a +1 plate armour of cold resistance (worn)
Jewellery
 g - an amulet of regeneration (around neck)
 m - an amulet of the acrobat
 y - a ring of wizardry
 I - a ring of willpower (left hand)
 J - a ring of ice
Wands
 b - a wand of paralysis (5)
 E - a wand of roots (2)
 G - a wand of mindburst (6)
Scrolls
 c - a scroll of vulnerability
 k - a scroll of identify
 p - 2 scrolls of fog
 q - a scroll of amnesia
 s - a scroll of acquirement
 x - 3 scrolls of blinking
 z - 3 scrolls of teleportation
 A - a scroll of brand weapon
 F - a scroll of poison
 H - a scroll of fear
Potions
 i - 2 potions of haste
 l - a potion of flight
 n - 3 potions of curing
 o - 2 potions of lignification
 r - a potion of mutation
 t - a potion of cancellation
 v - a potion of magic
 B - 2 potions of attraction


   Skills:
 - Level 4.0 Fighting
 * Level 11.4 Short Blades
 - Level 2.0 Throwing
 + Level 2.7 Armour
 - Level 4.0 Dodging
 - Level 4.0 Stealth
 - Level 2.0 Evocations


You had 8 spell levels left.
You didn't know any spells.
Your spell library contained the following spells:

 Spells                   Type           Power      Damage    Failure   Level
 Inner Flame              Hex/Fire       0%         N/A       100%        3
 Kindle Blastsparks       Fire/Tloc/Air  0%         2d10      100%        3
 Cause Fear               Hex            0%         N/A       100%        4
 Fulminant Prism          Conj/Hex       0%         3d5       100%        4
 Iskenderun's Mystic Bla  Conj/Tloc      0%         2d3       100%        4
 Fireball                 Conj/Fire      0%         3d3       100%        5
 Iskenderun's Battlesphe  Conj           0%         2d6       100%        5
 Lee's Rapid Deconstruct  Erth           0%         3d4*      100%        5
 Conjure Ball Lightning   Conj/Air       0%         3x3d6     100%        6
 Orb of Destruction       Conj           0%         9d5       100%        7
 Discord                  Hex            0%         N/A       100%        8


Dungeon Overview and Level Annotations

Branches:
Dungeon (8/15)             Temple (1/1) D:7           Sewer (visited)
   Lair: D:8-11

Altars:
Ashenzari
Cheibriados
Dithmenos
Fedhas
Gozag
Kikubaaqudgha
Makhleb
Nemelex Xobeh
Okawaru
Qazlal
Ru
Sif Muna
Trog
Uskayaw
Vehumet
Wu Jian
Xom
Yredelemnul

Shops:
D:4 *   D:6 [   D:7 ?


Innate Abilities, Weirdness & Mutations

You have a pair of horns on your head.
You sometimes gain a little power by taking damage.
Your movements are slightly less encumbered by armour. (ER -2)
A meltable shield of frost defends you. (SH +4)
You have very sharp teeth.


Message History

You closely miss the two-headed ogre.
Your headbutt misses the two-headed ogre.
You bite the two-headed ogre, but do no damage.
The two-headed ogre is lightly wounded.
The two-headed ogre hits you with a +0 giant spiked club.
The two-headed ogre closely misses you.
You hit the two-headed ogre but do no damage.
Your bite misses the two-headed ogre.
The two-headed ogre is lightly wounded.
You puncture the two-headed ogre!
You bite the two-headed ogre, but do no damage.
The two-headed ogre is moderately wounded.
The two-headed ogre hits you with a +0 giant spiked club!!
The two-headed ogre hits you with a +0 giant club.
* * * LOW HITPOINT WARNING * * *
You hit the two-headed ogre.
The two-headed ogre is moderately wounded.
You hit the two-headed ogre.
The two-headed ogre is moderately wounded.
The two-headed ogre looks more healthy.
The two-headed ogre closely misses you.
The two-headed ogre hits you with a +0 giant club!
* * * LOW HITPOINT WARNING * * *
You hit the two-headed ogre but do no damage.
You headbutt the two-headed ogre, but do no damage.
You bite the two-headed ogre, but do no damage.
The two-headed ogre is moderately wounded.
You hit the two-headed ogre.
You headbutt the two-headed ogre, but do no damage.
The two-headed ogre is heavily wounded.
You closely miss the two-headed ogre. You headbutt the two-headed ogre.
The two-headed ogre is heavily wounded.
The two-headed ogre completely misses you.
The two-headed ogre hits you but does no damage.
You hit the two-headed ogre.
The two-headed ogre is heavily wounded.
You hit the two-headed ogre. You headbutt the two-headed ogre!
The two-headed ogre is severely wounded.
The two-headed ogre closely misses you.
The two-headed ogre hits you with a +0 giant club!
You die...

#.....#....#,,,,*,,*,,,,*
#.....#....#,,,>*,,*,,,,+
#.....#....#,,,,*,,*,,,,*
#.....#....+,,,,##**,,,,*
#.....#....#,,,...,,,,,,,
#.....#....#,,....,,,,,,.
#.....#....#,.....,,,,,,.
#.....'....#......,,,,,,.
#.....#.@O.'...(#*******.
#.....#....#....+,,,,,,*.
#.....#....#,...#,,,,,,*.
#.....#....#,,..#,,,,,,*.
#.....#....#,,,.#,,,,,,*.
#.....#....######,,**,,*.
#.....'..)..)..#*,,**,,*#
#.....#........#,,,,,,,,,
#.....#........#,,,,,,,,,


You could see a two-headed ogre.

Vanquished Creatures
  Pikel (D:6)
  A cyclops (D:6)
  3 kobold demonologists (D:7)
  A sky beast (D:6)
  2 ogres
  2 black bears (D:6)
  An ice beast (D:7)
  A centaur (D:7)
  3 scorpions (D:5)
  3 necrophages (D:7)
  A bullfrog (D:7)
  3 wights (D:8)
  5 killer bees (D:7)
  2 hounds
  4 jellies (Sewer)
  A gnoll bouda (D:5)
  4 iguanas
  Natasha (D:2)
  An orc wizard (D:6)
  10 gnolls
  5 adders
  A river rat (D:3)
  A shadow imp (D:5)
  5 white imps
  An ufetubus (D:5)
  5 worms
  6 dart slugs
  6 orcs
  17 endoplasms
  11 giant cockroaches
  8 goblins
  12 hobgoblins
  8 jackals
  5 quokkas
  8 ball pythons
  5 bats
  7 frilled lizards
  11 kobolds
  13 rats
  A butterfly (D:3)
186 creatures vanquished.

Vanquished Creatures (others)
  A kobold demonologist (D:6)
1 creature vanquished.

Grand Total: 187 creatures vanquished

Notes
Turn   | Place    | Note
-------+----------+-------------------------------------------
     0 | D:1      | IdlyInterested the Demonspawn Gladiator began the quest for
                  | the Orb.
     0 | D:1      | Reached XP level 1. HP: 16/16 MP: 1/1
    32 | D:1      | Reached skill level 3 in Short Blades
   144 | D:1      | Gained mutation: Your movements are slightly less
                  | encumbered by armour. (ER -2) [demonic ancestry]
   144 | D:1      | Reached XP level 2. HP: 22/22 MP: 2/2
   301 | D:1      | Reached skill level 1 in Stealth
   447 | D:1      | Reached XP level 3. HP: 21/27 MP: 3/3
   548 | D:1      | Found a faded altar of an unknown god.
   917 | D:2      | Identified a scroll of acquirement
   917 | D:2      | Acquired 1071 gold pieces
   990 | D:2      | Reached skill level 1 in Armour
  1157 | D:2      | Reached skill level 4 in Short Blades
  1157 | D:2      | Gained mutation: You have a pair of small horns on your
                  | head. [demonic ancestry]
  1157 | D:2      | Reached XP level 4. HP: 27/33 MP: 4/4
  1374 | D:2      | Noticed Natasha
  1380 | D:2      | Killed Natasha
  2192 | D:3      | Found Atsiuxza's Magic Scroll Emporium.
  2231 | D:3      | Noticed a moth of wrath
  2302 | D:3      | Gained mutation: You sometimes gain a little power by
                  | taking damage. [demonic ancestry]
  2302 | D:3      | Reached XP level 5. HP: 16/38 MP: 5/5
  2482 | D:3      | Found a glowing drain.
  2492 | Sewer    | Entered a sewer
  2700 | Sewer    | Reached skill level 5 in Short Blades
  2704 | Sewer    | Reached skill level 1 in Evocations
  2804 | Sewer    | Found a viscous altar of Jiyva.
  2824 | Sewer    | Reached XP level 6. HP: 43/44 MP: 6/6
  2988 | D:3      | Gained mutation: You have a pair of horns on your head.
                  | [potion of mutation]
  2988 | D:3      | Gained mutation: You have very sharp teeth. [potion of
                  | mutation]
  3069 | D:3      | Found a bloodstained altar of Trog.
  3169 | D:3      | Bought a scroll of blinking for 97 gold pieces
  3408 | D:3      | Bought a scroll of identify for 26 gold pieces
  3408 | D:3      | Bought a scroll of identify for 26 gold pieces
  3410 | D:3      | Bought a scroll of identify for 26 gold pieces
  3410 | D:3      | Bought a scroll of identify for 26 gold pieces
  3410 | D:3      | Bought a scroll of teleportation for 39 gold pieces
  3410 | D:3      | Bought a scroll of brand weapon for 123 gold pieces
  3521 | D:4      | Found Gusiuf's Overcharged Wands.
  4289 | D:5      | Entered Level 5 of the Dungeon
  4435 | D:5      | Reached skill level 6 in Short Blades
  4561 | D:5      | Reached XP level 7. HP: 12/51 MP: 7/7
  5080 | D:5      | Reached skill level 7 in Short Blades
  5570 | D:6      | Found Femeh's Armour Boutique.
  5622 | D:6      | Noticed Pikel
  5638 | D:6      | Killed Pikel
  5639 | D:6      | Reached skill level 8 in Short Blades
  5639 | D:6      | Reached XP level 8. HP: 36/60 MP: 8/8
  5776 | D:6      | Found a stormy altar of Qazlal.
  5779 | D:6      | Noticed an air elemental
  6138 | D:6      | Reached skill level 9 in Short Blades
  6141 | D:6      | Noticed a kobold demonologist
  6142 | D:6      | Noticed a smoke demon
  6146 | D:6      | Noticed a hellwing
  6152 | D:6      | Killed a kobold demonologist
  6190 | D:6      | Noticed a cyclops
  6198 | D:6      | Killed a cyclops
  6199 | D:6      | Gained mutation: A meltable shield of frost defends you.
                  | (SH +4) [demonic ancestry]
  6199 | D:6      | Reached XP level 9. HP: 65/65 MP: 9/9
  6576 | D:6      | Bought a +1 plate armour of cold resistance for 385 gold
                  | pieces
  6817 | D:7      | Found a staircase to the Ecumenical Temple.
  6819 | D:7      | Noticed a kobold demonologist
  6820 | D:7      | Noticed a kobold demonologist
  6822 | D:7      | Noticed a kobold demonologist
  6830 | D:7      | Reached skill level 10 in Short Blades
  6832 | D:7      | Noticed a sun demon
  6855 | D:7      | Noticed a rust devil
  6865 | D:7      | Noticed a sixfirhy
  6867 | D:7      | Killed a kobold demonologist
  6870 | D:7      | Killed a kobold demonologist
  6873 | D:7      | Killed a kobold demonologist
  6940 | Temple   | Entered the Ecumenical Temple
  7159 | D:7      | Found Tuxtiwy's Magic Scroll Emporium.
  7168 | D:7      | Bought a scroll of enchant weapon for 97 gold pieces
  7168 | D:7      | Bought a scroll of fear for 52 gold pieces
  7168 | D:7      | Bought a scroll of identify for 26 gold pieces
  7205 | D:7      | Reached skill level 11 in Short Blades
  7234 | D:7      | Found an ornate altar of the Wu Jian Council.
  7716 | D:7      | Found a shimmering blue altar of Sif Muna.
  8040 | D:8      | Found a radiant altar of Vehumet.
  8148 | D:8      | Noticed a two-headed ogre
  8166 | D:8      | Slain by a two-headed ogre

Illustrated notes

Levels and vault maps discovered:
D:1:      sevenhm_arrival_forest_fort_large_4, layout_rooms,
          hellmonk_ecumenical_altar_prayer_group, minmay_cupped
D:2:      layout_loops_ring, serial_co_window_serial, co_window_paths_a,
          co_window_corner_a, co_window_corner_a, co_window_paths_b,
          co_window_corner_a, co_window_corner_a, co_window_corner_a,
          co_window_paths_a, co_window_paths_a, co_window_broadway_c,
          co_window_broadway_c, co_window_cross_2, co_window_unsneaky_path_e,
          co_window_of_opportunity_c, co_window_corner_b, uniq_natasha
D:3:      layout_rooms, nicolae_elyvilon_peaceful_grove, tgw_trog, serial_shops,
          shop, portal_sewer_entry_a, minmay_door_square
D:4:      layout_gridville, st_stairs_14, kennysheep_nub,
          nicolae_shop_overcharged_wands
D:5:      minmay_skewed_foursquare, layout_basic
D:6:      layout_loops_ring, nicolae_qazlal_style_of_elements, serial_shops,
          nicolae_shop_waterfront, grunt_ministairs_11, minmay_three_doors,
          uniq_pikel
D:7:      layout_loops_ring, nicolae_overflow_crystal_walls,
          lemuel_coloured_pillars_altar, minmay_temple_entry_sparse_star,
          serial_shops, nicolae_lakefront_shop
D:8:      layout_gridville, vehumet_crystals
Temple:   regret_index_temple_waves

Skill      XL: |  1  2  3  4  5  6  7  8  9 |
---------------+----------------------------+-----
Short Blades   | 3 4 5 6 8 9 11 | 11.4
Stealth        | 1 2 3 4 |  4.0
Armour         | 1 2 |  2.7
Evocations     | 1 2 |  2.0
Fighting       | 4 |  4.0
Throwing       | 2 |  2.0
Dodging        | 4 |  4.0

Action                     |  1- 3 |  4- 6 |  7- 9 || total
---------------------------+-------+-------+-------++-------
  Melee: Rapier            |   131 |   287 |   282 ||   700
         Headbutt          |       |    57 |    51 ||   108
         Bite              |       |     8 |    40 ||    48
         Punch             |       |       |     6 ||     6
  Throw: Stone             |       |     1 |     9 ||    10
         Javelin           |       |       |     3 ||     3
         Dart              |       |       |     2 ||     2
  Evoke: Wand              |       |       |     8 ||     8
    Use: Scroll            |     4 |    12 |     6 ||    22
         Potion            |       |     5 |     2 ||     7
   Stab: Sleeping          |     3 |       |       ||     3
         Distracted        |     1 |       |       ||     1
         Paralysed         |       |       |     3 ||     3
 Armour: Leather armour    |    44 |       |       ||    44
         Chain mail        |     3 |   147 |    19 ||   169
         Scale mail        |       |       |    45 ||    45
         Plate armour      |       |       |    72 ||    72
  Dodge: Dodged            |    86 |   169 |    85 ||   340
  Block: Other             |       |       |    22 ||    22

Table legend: (Time is in decaauts)
 A = Elapsed time spent in this place.
 B = Non-inter-level travel time spent in this place.
 C = Inter-level travel time spent in this place.
 D = Time resting spent in this place.
 E = Time spent auto-exploring this place.
 F = Levels seen in this place.
 G = Mean time per level.
                   A        B        C        D        E       F      G
               +--------+--------+--------+--------+--------+-----+--------+
         Total |   8098 |   6642 |   1456 |    642 |   3856 |  10 |  809.8 |
       Dungeon |   7474 |   6089 |   1385 |    485 |   3750 |   8 |  934.2 |
        Temple |    146 |     76 |     70 |      0 |     58 |   1 |  146.0 |
         Sewer |    477 |    477 |      0 |    157 |     47 |   1 |  477.0 |
               +--------+--------+--------+--------+--------+-----+--------+

Top non-repeatable levels by time:
     D:5: 1255 daAuts
     D:2: 1206 daAuts
     D:6: 1118 daAuts
     D:7: 1007 daAuts
     D:1: 926 daAuts
     D:4: 905 daAuts
     D:3: 901 daAuts
   Sewer: 477 daAuts
     D:8: 153 daAuts
  Temple: 146 daAuts
